 Dungeon Crawl Stone Soup version 0.29-a0-284-gf9362112df (webtiles) character file.

Game seed: 1243618594992707864

51 sokol815 the Chopper (level 3, -2/29 HPs)
             Began as a Demonspawn Monk on Mar 23, 2022.
             Slain by an orc
             ... wielding a +0 hand axe
              (3 damage)
             ... on level 3 of the Dungeon.
             The game lasted 00:02:28 (2246 turns).

sokol815 the Chopper (Demonspawn Monk)              Turns: 2246, Time: 00:02:29

Health: -2/29      AC:  8    Str: 13    XL:     3   Next: 58%
Magic:  3/3        EV:  6    Int: 11    God:
Gold:   136        SH:  5    Dex: 15    Spells: 2/2 levels left

rFire   . . .      SeeInvis .   a - +0 hand axe
rCold   . . .      Faith    .   (no shield)
rNeg    . . .      Spirit   .   f - +0 chain mail
rPois   .          Reflect  +   (no helmet)
rElec   .          Harm     .   (no cloak)
rCorr   .          Rampage  .   (no gloves)
Will    .....                   (no boots)
Stlth   ..........              l - amulet of reflection
HPRegen 0.09/turn               (no ring)
MPRegen 0.08/turn               (no ring)

@: no status effects
A: demonic touch 1
a: no special abilities


You were on level 3 of the Dungeon.
You visited 1 branch of the dungeon, and saw 3 of its levels.

You collected 136 gold pieces.

Inventory:

Hand Weapons
 a - a +0 hand axe (weapon)
 g - a +0 spear
   (You found it on level 1 of the Dungeon)
Missiles
 s - 100 stones
Armour
 b - a +0 robe
 f - a +0 chain mail (worn)
   (You found it on level 1 of the Dungeon)
 h - a +0 kite shield
   (You found it on level 3 of the Dungeon)
Jewellery
 l - an amulet of reflection (around neck)
   (You found it on level 2 of the Dungeon)
Scrolls
 c - 3 scrolls of identify {@r1}
 d - a scroll of amnesia {unknown}
 e - a scroll of enchant armour {unknown}
 i - a scroll of immolation {unknown}
 k - a scroll of noise {unknown}
 m - a scroll of enchant weapon {unknown}
 n - a scroll of silence {unknown}
 o - a scroll of teleportation {unknown}
Potions
 j - a potion of attraction {!q}
 G - a potion of ambrosia {!q}
 N - 3 potions of heal wounds {@q2}
 P - a potion of lignification {!q}


   Skills:
 - Level 3.0 Fighting
 + Level 4.2 Axes
 - Level 2.6 Dodging
 - Level 1.7 Stealth


You had 2 spell levels left.
You didn't know any spells.
Your spell library was empty.

Dungeon Overview and Level Annotations

Branches:
Dungeon (3/15)

Altars:


Innate Abilities, Weirdness & Mutations

Your touch may inflict minor irresistible damage on your foes.


Message History

Okay, then.
c - 2 scrolls of identify {@r1} (gained 1)
s - 100 stones (gained 23)
A worm comes into view.
You barely miss the worm. You barely miss the worm.
The worm bites you but does no damage.
You hit the worm. The worm bites you but does no damage.
You hit the worm but do no damage. You slash the worm!
Your touch misses the worm. The worm bites you.
You take 2 damage, and have 27/29 hp.
You barely miss the worm. The worm bites you but does no damage.
You hit the worm. Your touch misses the worm. You hit the worm.
The worm bites you but does no damage.
You hit the worm.
You touch the worm.
You kill the worm!
No target in view!
No target in view!
Okay, then.
You see here a worm corpse.
You now have 127 gold pieces (gained 8).
You open the door.
There is an open door here.
You now have 136 gold pieces (gained 9).
A ball python comes into view.
The ball python hisses angrily.
Health restored: 29
Found a stone staircase leading up and a stone staircase leading down.
You see here a +0 kite shield.
h - a +0 kite shield The ball python bites you but does no damage.
The ball python grabs you. The ball python constricts you.
You take 1 damage, and have 28/29 hp.
You closely miss the ball python. The ball python bites you.
The ball python constricts you.
You take 3 damage, and have 25/29 hp.
You hit the ball python.
You kill the ball python!
No target in view!
No target in view!
n - a scroll labelled KEIHAIBAIL Health restored: 29
c - 3 scrolls of identify {@r1} (gained 1)
o - a scroll labelled AGRUB TAVVYSYX An orc comes into view.
It is wielding a +0 club.
An orc wizard comes into view. It is wielding a +0 dagger.
The orc wizard shouts!
The orc hits you with a +0 club.
You take 4 damage, and have 25/29 hp.
You hit the orc.
An orc priest comes into view. It is wielding a +2 hand axe of venom.
You completely miss the orc.
The orc priest shouts!
An orc comes into view. It is wielding a +0 hand axe.
The orc hits you but does no damage.
You barely miss the orc.
The orc shouts!
The orc barely misses you.
You hit the orc.
You kill the orc!
A quokka comes into view.
The quokka moves out of view.
The orc wizard gestures at you while chanting.
You are confused.
Here: an orc priest, wielding a +2 hand axe of venom The floor.
Unknown command.
You closely miss the orc wizard.
The orc wizard hits you with a +0 dagger.
You take 1 damage, and have 25/29 hp.
The orc priest casts a cantrip, but nothing happens.
You see here a +0 club.
You hit the orc wizard.
The orc wizard hits you but does no damage.
You miss the orc wizard.
You hit the orc priest but do no damage.
The orc priest barely misses you.
The orc wizard hits you but does no damage.
You barely miss the orc priest. You barely miss the orc.
You hit the orc wizard but do no damage.
The orc hits you but does no damage. The orc priest barely misses you.
The orc wizard barely misses you.
You barely miss the orc priest.
You touch the orc priest.
You barely miss the orc. You miss the orc wizard.
You feel less confused. The orc hits you but does no damage.
The orc priest hits you with a +2 hand axe of venom.
You block the orc wizard's attack. The orc barely misses you.
The orc wizard hits you but does no damage.
The orc priest invokes the aid of Beogh against you.
Beogh smites you!
You take 11 damage, and have 14/29 hp.
MASSIVE DAMAGE!!
You hit the orc priest.
You touch the orc priest.
You hit the orc wizard. You hit the orc.
The orc priest mumbles some strange prayers to Beogh against you.
Pain shoots through your body!
* * * LOW HITPOINT WARNING * * *
You block the orc wizard's attack. The orc hits you with a +0 hand axe.
You die...

#.............#
#.............+
#.............
#............
#..........#
#..........#
#.......r..#
#......ooo.#
#..$....@..#
#######...## #...#
##### #...# #...# #.⌠.#
#.>.###...####
#............#
###........8.#...#
#..........#...###+####


You could see an orc priest, an orc wizard, an orc and a quokka.

Vanquished Creatures
  Terence (D:2)
  A worm (D:3)
  An orc (D:3)
  4 ball pythons
  2 bats
  An endoplasm (D:1)
  4 hobgoblins
  A jackal (D:1)
  6 kobolds
  3 rats
24 creatures vanquished.

Notes
Turn   | Place    | Note
-------+----------+-------------------------------------------
     0 | D:1      | sokol815 the Demonspawn Monk began the quest for the Orb.
     0 | D:1      | Reached XP level 1. HP: 18/18 MP: 1/1
   180 | D:1      | Reached skill level 3 in Axes
   525 | D:1      | Gained mutation: Your touch may inflict minor irresistible
                  | damage on your foes. [demonic ancestry]
   525 | D:1      | Reached XP level 2. HP: 22/24 MP: 2/2
  1103 | D:2      | Noticed Terence
  1117 | D:2      | Killed Terence
  1118 | D:2      | Reached skill level 4 in Axes
  1118 | D:2      | Reached XP level 3. HP: 13/29 MP: 3/3
  2246 | D:3      | HP: 1/29 [orc priest/nerve-wracking pain (13)]
  2246 | D:3      | Slain by an orc

Illustrated notes

Levels and vault maps discovered:
D:1:      ebering_trefoil_3fold, layout_loops_ring,
          ebering_dispersal_statue_hall, minmay_pentomino_r2
D:2:      layout_loops_corners, nrook_campfire, item_on_display_a, uniq_terence
D:3:      layout_basic, nicolae_overflow_hidden_temple, st_stairs_14,
          nicolae_elevator_lobby_asterisk

Skill      XL: |  1  2 |
---------------+-------+-----
Axes           | 3 4 |  4.2
Fighting       | |  3.0
Dodging        | |  2.6
Stealth        | |  1.7

Action                   || total
-------------------------++-------
Melee: Hand axe          ||    78
       Touch             ||     8
Throw: Stone             ||     8
  Use: Scroll            ||     3
Armor: Chain mail        ||    31
       Robe              ||     4
Dodge: Dodged            ||    24
Block: Other             ||     7
       Reflection        ||     1

Table legend: (Time is in decaauts)
 A = Elapsed time spent in this place.
 B = Non-inter-level travel time spent in this place.
 C = Inter-level travel time spent in this place.
 D = Time resting spent in this place.
 E = Time spent auto-exploring this place.
 F = Levels seen in this place.
 G = Mean time per level.
                   A        B        C        D        E       F      G
               +--------+--------+--------+--------+--------+-----+--------+
         Total |   2255 |   2206 |     49 |    121 |   1871 |   3 |  751.7 |
       Dungeon |   2255 |   2206 |     49 |    121 |   1871 |   3 |  751.7 |
               +--------+--------+--------+--------+--------+-----+--------+

Top non-repeatable levels by time:
     D:1: 1002 daAuts
     D:2: 968 daAuts
     D:3: 284 daAuts

Table legend:
 A = Kills in this place as a percentage of kills in entire the game.
 B = Kills by you in this place as a percentage of kills by you in the entire game.
 C = Kills by friends in this place as a percentage of kills by friends in the entire game.
 D = Other kills in this place as a percentage of other kills in the entire game.
 E = Experience gained in this place as a percentage of experience gained in the entire game.
 F = Experience gained in this place divided by the number of levels of this place that you have seen.
                   A       B       C       D       E      F
               +-------+-------+-------+-------+-------+----------------------
         Total | 100.0 | 100.0 |   N/A |   N/A | 100.0 |  24.7
       Dungeon | 100.0 | 100.0 |   N/A |   N/A | 100.0 |  24.7
               +-------+-------+-------+-------+-------+----------------------
